 Dungeon Crawl Stone Soup version 0.32-a0-163-g159c032296 (webtiles) character file.

Game seed: 11378699895321807802

136375 Bobbunny the Slayer (level 16, -9/174 HPs)
             Began as a Minotaur Fighter on Feb 11, 2024.
             Was the Champion of Okawaru.
             Mangled by Donald
             ... wielding a +0 long sword
              (10 damage)
             ... on level 4 of the Snake Pit.
             The game lasted 00:36:23 (29991 turns).

Bobbunny the Slayer (Minotaur Fighter)             Turns: 29991, Time: 00:36:23

Health: -9/174     AC: 36    Str: 25    XL:     16   Next: 66%
Magic:  22/22      EV:  5    Int: 10    God:    Okawaru [******]
Gold:   898        SH:  5    Dex: 10    Spells: 15/15 levels left

rFire   + . .        V - +0 executioner's axe (freeze)
rCold   + . .        (shield currently unavailable)
rNeg    + . .        U - +6 crystal plate armour of Iwytott {Fly rPois Str-2}
rPois   +            A - +2 hat {Will+}
rElec   +            Z - +2 cloak
rCorr   +            s - +0 pair of gloves
SInv    .            R - +0 pair of boots
Will    ++...        q - amulet of reflection Stlth
                     i - ring "Zuytsyrch" {^Drain rElec rC+ rN+ rCorr Int+3}
HPRegen 0.49/turn    a - ring of protection from fire
MPRegen 0.18/turn

%: reflection
@: lethally poisoned (-9 -> -27), flying, constricted, studying 2 skills
A: horns 2, retaliatory headbutt
a: Renounce Religion, Heroism, Finesse, Duel


You were on level 4 of the Snake Pit.
You worshipped Okawaru.
Okawaru was exalted by your worship.
You visited 5 branches of the dungeon, and saw 25 of its levels.
You also visited: Sewer.

You collected 2481 gold pieces.
You spent 1583 gold pieces at shops.

Inventory:

Hand Weapons
 e - the +2 broad axe "Lolanesi" {elec, +Blink rN+++ Int-5 Dex-4}
   (You bought it in a shop on level 2 of the Orcish Mines)

   Int-5:     It affects your intelligence (-5).
   Dex-4:     It affects your dexterity (-4).
   rN+++:     It renders you almost immune to negative energy.
   +Blink:    It lets you blink.
 k - a +3 war axe of flaming
 V - a +0 executioner's axe of freezing (weapon)
Missiles
 b - a throwing net
 f - 52 poisoned darts
 g - 23 javelins
 u - 178 stones
 x - 4 curare-tipped darts
 y - 10 darts of dispersal
 S - 16 boomerangs (quivered)
 T - 4 silver javelins
Armour
 s - a +0 pair of gloves (worn)
 A - a +2 hat of willpower (worn)
 R - a +0 pair of boots (worn)
 U - the +6 crystal plate armour of Iwytott (worn) {Fly rPois Str-2}
   (Okawaru gifted it to you on level 5 of the Lair of Beasts)

   Str-2:     It affects your strength (-2).
   rPois:     It protects you from poison Fly: It grants you flight.
 Z - a +2 cloak (worn)
Jewellery
 a - a ring of protection from fire (right hand)
 i - the ring "Zuytsyrch" (left hand) {^Drain rElec rC+ rN+ rCorr Int+3}
   (You found it on level 2 of the Dungeon)

   [ring of protection from cold]

   Int+3:     It affects your intelligence (+3).
   rC+:       It protects you from cold.
   rElec:     It insulates you from electricity.
   rN+:       It protects you from negative energy.
   rCorr:     It protects you from acid and corrosion.
   ^Drain:    It drains your maximum health when unequipped.
 q - an amulet of reflection (around neck)
 E - a ring of positive energy
Wands
 n - a wand of flame (20)
 L - a wand of mindburst (6)
 O - a wand of iceblast (19)
 Q - a wand of digging (3)
Scrolls
 h - 3 scrolls of revelation
 j - 3 scrolls of poison
 l - 3 scrolls of vulnerability
 o - 5 scrolls of amnesia
 r - a scroll of fog
 t - 2 scrolls of immolation
 v - 2 scrolls of enchant weapon
 F - 3 scrolls of enchant armour
 H - a scroll of brand weapon
 J - 2 scrolls of blinking
 K - 4 scrolls of fear
 M - 5 scrolls of torment
 N - 6 scrolls of teleportation
 P - 5 scrolls of identify
Potions
 d - 2 potions of might
 m - 4 potions of lignification
 p - 2 potions of brilliance
 w - a potion of attraction
 z - 7 potions of heal wounds
 B - 3 potions of haste
 C - 3 potions of enlightenment
 D - 3 potions of ambrosia
 G - 5 potions of curing
 I - 4 potions of mutation
 W - a potion of berserk rage {unknown}
 X - a potion of magic
Miscellaneous
 c - a condenser vane


   Skills:
 + Level 23.8 Fighting
 - Level 18.0 Axes
 + Level 14.0 Throwing
 - Level 12.0 Armour
 - Level 10.0 Dodging
 - Level 4.0 Shields
 - Level 10.0 Invocations


You had 15 spell levels left.
You didn't know any spells.
Your spell library contained the following spells:

 Spells                   Type           Power      Damage    Failure   Level
 Apportation              Tloc           0%         N/A       100%        1
 Necrotise                Necr           0%         1d4       100%        1
 Sting                    Conj/Alch      0%         1d3       100%        1
 Ensorcelled Hibernation  Hex/Ice        0%         N/A       100%        2
 Jinxbite                 Hex            0%         N/A       100%        2
 Lesser Beckoning         Tloc           0%         N/A       100%        2
 Static Discharge         Conj/Air       0%         3-3/arc   100%        2
 Frozen Ramparts          Ice            0%         1d1       100%        3
 Gell's Gravitas          Tloc           0%         N/A       100%        3
 Hailstorm                Conj/Ice       0%         3d5       100%        3
 Inner Flame              Hex/Fire       0%         N/A       100%        3
 Passwall                 Erth           0%         N/A       100%        3
 Swiftness                Air            0%         N/A       100%        3
 Teleport Other           Tloc           0%         N/A       100%        3
 Vampiric Draining        Necr           0%         2d6       100%        3
 Airstrike                Air            0%         2d(0-16)  100%        4
 Brom's Barrelling Bould  Conj/Erth      0%         2d3       100%        4
 Flame Wave               Conj/Fire      0%         2d4       100%        4
 Leda's Liquefaction      Alch/Erth      0%         N/A       100%        4
 Petrify                  Alch/Erth      0%         N/A       100%        4
 Sticky Flame             Fire/Alch      0%         2d4       100%        4
 Curse of Agony           Necr           0%         N/A       100%        5
 Metabolic Englaciation   Hex/Ice        0%         N/A       100%        5
 Yara's Violent Unravell  Hex/Alch       0%         3d3       100%        5
 Enfeeble                 Hex            0%         N/A       100%        7
 Chain Lightning          Conj/Air       0%         N/A       100%        9
 Fire Storm               Conj/Fire      0%         5d1       100%        9
 Shatter                  Erth           0%         3d5*      100%        9
 Summon Small Mammal      Summ           Unusable   N/A       N/A         1
 Summon Ice Beast         Ice/Summ       Unusable   N/A       N/A         3
 Animate Dead             Necr           Unusable   N/A       N/A         4
 Martyr's Knell           Necr/Summ      Unusable   N/A       N/A         4
 Summon Lightning Spire   Summ/Air       Unusable   N/A       N/A         4
 Sculpt Simulacrum        Ice/Alch       Unusable   N/A       N/A         6
 Haunt                    Necr/Summ      Unusable   N/A       N/A         7
 Infestation              Necr           Unusable   N/A       N/A         8

Dungeon Overview and Level Annotations

Branches:
Dungeon (13/15)            Temple (1/1) D:4            Lair (5/5) D:11
 Shoals (0/4) Lair:3        Snake (4/4) Lair:2        Slime (0/5) Lair:5
    Orc (2/2) D:12            Elf (0/3) Orc:2         Sewer (visited)
 Vaults: D:13-14

Altars:
Ashenzari
Cheibriados
Dithmenos
Elyvilon
Fedhas
Gozag
Hepliaklqana
Kikubaaqudgha
Makhleb
Nemelex Xobeh
Okawaru
Qazlal
Ru
Sif Muna
Trog
Uskayaw
Vehumet
Wu Jian
Xom
Yredelemnul
Zin
The Shining One
Jiyva

Shops:
Orc:1 [   Orc:2 :[*(   Snake:1 *=(   Snake:2 [(?:   Snake:3 ?

Annotations:
Snake:4 Donald


Innate Abilities, Weirdness & Mutations

You have a pair of horns on your head.
You reflexively headbutt those who attack you in melee.


Message History

The nagaraja spits poison at you.
The splash of poison hits you but does no damage.
You resist. The nagaraja constricts you.
* * * LOW HITPOINT WARNING * * *
Donald says, "So, why is that serpent talking?"
Donald hits you with a +0 long sword.
* * * LOW HITPOINT WARNING * * *
The nagaraja barely misses you. The nagaraja constricts you.
* * * LOW HITPOINT WARNING * * *
You slash the nagaraja! You freeze the nagaraja.
Your headbutt misses the nagaraja.
The nagaraja is severely wounded.
Donald blocks your attack. Donald hits you but does no damage.
The nagaraja hits you but does no damage.
The nagaraja constricts you. You block Donald's attack.
You barely miss the nagaraja. You headbutt the nagaraja.
The nagaraja is severely wounded.
Donald blocks your attack. The nagaraja spits poison at you.
The splash of poison hits you.
You are poisoned.
You resist.
* * * LOW HITPOINT WARNING * * *
The nagaraja constricts you. Donald hits you with a +0 long sword!
* * * LOW HITPOINT WARNING * * *
The nagaraja points at you and mumbles some strange words.
You resist with significant effort. The nagaraja constricts you.
You slash the nagaraja! You freeze the nagaraja.
The nagaraja is almost dead.
Donald blocks your attack.
* * * LOW HITPOINT WARNING * * *
You feel extremely sick. Donald hits you with a +0 long sword.
* * * LOW HITPOINT WARNING * * *
The nagaraja spits poison at you. The splash of poison hits you. You resist.
* * * LOW HITPOINT WARNING * * *
The nagaraja constricts you. Donald hits you with a +0 long sword!
You die...
Donald says, "Well, maybe you weren't so bad after all."

######## #...
###......#### #....
###...........###
#....###........@N.....#
#....##.....#######.....
#....#...N@## ...
#........@## .
#........## #.......##
#......## ##.....##
##.....## ##......#
##.....).# ##......).#


You could see Donald (fast, strong) and a nagaraja (fast).

Vanquished Creatures
  Jorgrun (D:12)
  A sphinx (D:12)
  A fire giant (D:12)
  4 nagarajas (Snake:4)
  2 orc warlords (Orc:2)
  Josephine (D:12)
  The ghost of Ceno the Frost Mage, a journeyman NaIE of Cheibriados (D:10)
  A deep elf high priest (D:12)
  2 yaktaur captains (D:12)
  2 catoblepae (Lair:5)
  3 salamander tyrants
  7 hydras
  5 centaur warriors
  A deep troll shaman (Lair:5)
  3 boulder beetles
  An ogre mage (D:12)
  9 anacondas
  3 two-headed ogres
  11 death yaks
  An orc high priest (Orc:2)
  An occultist (D:12)
  3 naga warriors
  4 shock serpents
  7 naga sharpshooters
  A deep elf knight (D:12)
  Amaemon (D:9)
  Nergalle (Orc:1)
  3 salamander mystics
  5 mana vipers
  4 naga ritualists
  3 orc knights
  Pikel (D:9)
  A deep elf zephyrmancer (D:10)
  18 salamanders
  4 cyclopes
  An ugly thing (D:11)
  5 oklob plants (Lair:5)
  26 elephants
  2 orc sorcerers
  12 naga magi
  3 manticores
  38 black mambas
  4 kobold blastminers
  A guardian serpent (Snake:2)
  An orange demon (D:9)
  10 cane toads
  An unseen horror (D:13)
  A freezing wraith (D:12)
  3 kobold demonologists
  3 torpor snails
  14 rime drakes
  8 komodo dragons
  A tengu conjurer (D:13)
  3 trolls
  2 polar bears
  A hornet (D:9)
  13 blink frogs
  13 dream sheep
  3 slime creatures
  A shadow (D:9)
  6 wraiths
  2 vampires (D:12)
  28 yaks
  9 basilisks
  13 wyverns
  Eustachio (D:4)
  A steam dragon (D:9)
  2 wargs
  19 nagas
  3 acid dragons
  9 water moccasins
  A meliai simulacrum (D:12)
  30 orc warriors
  2 laughing skulls (D:13)
  4 ogres
  An ice beast (D:6)
  A black bear (D:11)
  A boggart (D:12)
  6 centaurs
  18 wolves
  2 lemures (D:9)
  A phantom (D:7)
  3 kobold brigands
  Blork the orc (Orc:2)
  A gnoll sergeant (D:7)
  10 bullfrogs
  5 scorpions
  8 wights
  22 killer bees
  3 howler monkeys (D:11)
  4 bombardier beetles
  3 hounds
  13 orc priests
  2 jellies
  3 gnoll boudas
  Jessica (D:3)
  2 sleepcaps (D:5)
  An iguana (D:5)
  27 orc wizards
  10 hell rats (Lair:4)
  Robin (D:2)
  12 gnolls
  9 adders
  A river rat (Sewer)
  A shadow imp (D:7)
  2 white imps
  2 ufetubi (D:5)
  2 dart slugs
  2 ribbon worms
  74 orcs
  7 bats
  2 endoplasms
  7 giant cockroaches
  9 hobgoblins
  11 jackals
  23 kobolds
  6 quokkas
  12 ball pythons
  3 frilled lizards
  13 goblins
  6 rats
771 creatures vanquished.

Notes
Turn   | Place    | Note
-------+----------+-------------------------------------------
     0 | D:1      | Bobbunny the Minotaur Fighter began the quest for the Orb.
     0 | D:1      | Reached XP level 1. HP: 19/19 MP: 0/0
   247 | D:1      | Reached skill level 4 in Fighting
   247 | D:1      | Reached XP level 2. HP: 26/27 MP: 1/1
   616 | D:2      | Found a faded altar of an unknown god.
   630 | D:2      | Reached XP level 3. HP: 26/34 MP: 2/2
   694 | D:2      | Noticed Robin
   714 | D:2      | Killed Robin
   720 | D:2      | Reached skill level 5 in Fighting
   720 | D:2      | Reached XP level 4. HP: 34/42 MP: 3/3
  1088 | D:2      | Identified the ring "Zuytsyrch" {^Drain rElec rC+ rN+ rCorr
                  | Int+3}
  1375 | D:3      | Reached XP level 5. HP: 36/48 MP: 4/4
  1590 | D:3      | Noticed Jessica
  1596 | D:3      | Killed Jessica
  1597 | D:3      | Reached skill level 5 in Axes
  1615 | D:3      | Got Jessica's Encyclopedia of the Voyage
  1702 | D:3      | Found a shimmering altar of Xom.
  1861 | D:3      | Reached skill level 6 in Fighting
  2110 | D:4      | Identified the +1 whip "Fiephor" {speed, rF++ Int+4}
  2300 | D:4      | Found a staircase to the Ecumenical Temple.
  2376 | D:4      | Reached XP level 6. HP: 48/57 MP: 5/5
  2423 | D:4      | Found a hide-covered altar of Uskayaw.
  2484 | D:4      | Found a glowing drain.
  2495 | Sewer    | Entered a sewer
  2639 | Sewer    | Found a glowing silver altar of Zin.
  3122 | D:4      | Noticed Eustachio
  3139 | D:4      | Killed Eustachio
  3140 | D:4      | Reached skill level 7 in Fighting
  3140 | D:4      | Reached XP level 7. HP: 63/66 MP: 6/6
  3251 | D:5      | Entered Level 5 of the Dungeon
  3446 | D:5      | Reached skill level 8 in Fighting
  3576 | D:5      | Found a glowing golden altar of the Shining One.
  3618 | D:5      | Found a bloodstained altar of Trog.
  3701 | D:5      | Reached XP level 8. HP: 69/75 MP: 7/7
  3925 | D:5      | Found a basalt altar of Yredelemnul.
  4028 | D:6      | Identified 3 scrolls of acquirement
  4028 | D:6      | Acquired a manual of Fighting
  4029 | D:6      | Acquired a +3 war axe of flaming
  4035 | D:6      | Acquired a +0 hat of willpower
  4136 | D:6      | Reached skill level 9 in Fighting
  4286 | D:6      | Found a burning altar of Makhleb.
  4309 | D:6      | Reached skill level 10 in Fighting
  5264 | Temple   | Entered the Ecumenical Temple
  5273 | Temple   | Became a worshipper of Warmaster Okawaru
  5449 | D:7      | Reached skill level 11 in Fighting
  5452 | D:7      | Noticed a slime creature
  5493 | D:7      | Reached skill level 10 in Axes
  5500 | D:7      | Reached XP level 9. HP: 70/90 MP: 8/8
  5665 | D:7      | Reached skill level 12 in Fighting
  5842 | D:7      | Reached * piety under Okawaru
  6203 | D:7      | Found a hazy altar of Hepliaklqana.
  6243 | D:7      | Reached skill level 13 in Fighting
  6650 | D:8      | Reached skill level 14 in Fighting
  6963 | D:8      | Found a shimmering blue altar of Sif Muna.
  7076 | D:8      | Reached ** piety under Okawaru
  7105 | D:8      | Found an opulent altar of Gozag.
  7129 | D:8      | Found a blossoming altar of Fedhas.
  7151 | D:8      | Identified the +2 scale mail of Demons {^Drain Dex+5}
  7433 | D:8      | Reached skill level 15 in Fighting
  7472 | D:8      | Noticed a centaur warrior
  7475 | D:8      | Noticed a cyclops
  7475 | D:8      | Noticed a cyclops
  7477 | D:8      | Noticed a centaur warrior
  7482 | D:8      | Killed a centaur warrior
  7483 | D:8      | Reached XP level 10. HP: 75/105 MP: 6/9
  7491 | D:8      | Killed a cyclops
  7491 | D:8      | Reached *** piety under Okawaru
  7493 | D:8      | Killed a cyclops
  7496 | D:8      | Killed a centaur warrior
  7497 | D:8      | Reached skill level 16 in Fighting
  8077 | D:9      | Got the Annotations on the Caves
  8154 | D:9      | Found a stormy altar of Qazlal.
  8157 | D:9      | Noticed Amaemon
  8187 | D:9      | Killed Amaemon
  8197 | D:9      | Noticed an orange demon
  8204 | D:9      | Killed an orange demon
  8204 | D:9      | Reached **** piety under Okawaru
  8359 | D:9      | Paralysed by a hornet for 3 turns
  8365 | D:9      | Reached skill level 5 in Throwing
  8557 | D:9      | Acquired a manual of Throwing
  8676 | D:9      | Reached skill level 17 in Fighting
  8724 | D:9      | Reached XP level 11. HP: 112/117 MP: 10/10
  8927 | D:9      | Noticed Pikel
  8937 | D:9      | Killed Pikel
  9367 | D:9      | Found a shadowy altar of Dithmenos.
  9387 | D:10     | Entered Level 10 of the Dungeon
  9465 | D:10     | Noticed a two-headed ogre
  9497 | D:10     | Killed a two-headed ogre
  9625 | D:10     | Noticed Ceno's ghost (journeyman NaIE)
  9643 | D:10     | Reached ***** piety under Okawaru
  9672 | D:10     | Found a runed translucent door.
  9707 | D:10     | Killed Ceno's ghost
 10051 | D:10     | Noticed a two-headed ogre
 10075 | D:10     | Killed a two-headed ogre
 10075 | D:10     | Received a gift from Okawaru
 10194 | D:10     | Noticed a deep elf zephyrmancer
 10206 | D:10     | Killed a deep elf zephyrmancer
 10479 | D:11     | Identified the +0 pair of boots of the Bulwark {rElec rC-
                  | Int-3 Dex+8}
 10679 | D:11     | Noticed a cyan ugly thing
 10693 | D:11     | Killed a cyan ugly thing
 10694 | D:11     | Reached skill level 18 in Fighting
 10729 | D:11     | Noticed a death yak
 10753 | D:11     | Killed a death yak
 10754 | D:11     | Reached skill level 15 in Axes
 10771 | D:11     | Found a staircase to the Lair.
 10851 | D:11     | Received a gift from Okawaru
 11094 | Lair:1   | Entered Level 1 of the Lair of Beasts
 11223 | Lair:1   | Reached XP level 12. HP: 107/128 MP: 11/11
 11301 | Lair:1   | Reached skill level 5 in Armour
 11308 | Lair:1   | Received a gift from Okawaru
 11417 | Lair:1   | Reached skill level 1 in Invocations
 12008 | Lair:1   | Identified the +1 leather armour of Free Expression {rElec
                  | rF+ rCorr}
 12351 | Lair:2   | Noticed a six-headed hydra
 12357 | Lair:2   | Killed a five-headed hydra
 12471 | Lair:2   | Reached ****** piety under Okawaru
 12686 | Lair:2   | Acquired a +0 heavy executioner's axe
 12686 | Lair:2   | Received a gift from Okawaru
 12720 | Lair:2   | Received a gift from Okawaru
 12721 | Lair:2   | Reached skill level 19 in Fighting
 13258 | Lair:2   | Found a staircase to the Snake Pit.
 14127 | Lair:3   | Received a gift from Okawaru
 14137 | Lair:3   | Noticed a death yak
 14139 | Lair:3   | Noticed a death yak
 14143 | Lair:3   | Noticed a death yak
 14144 | Lair:3   | Reached XP level 13. HP: 66/137 MP: 9/15
 14156 | Lair:3   | Reached skill level 5 in Invocations
 14160 | Lair:3   | Received a gift from Okawaru
 14420 | Lair:3   | Found a staircase to the Shoals.
 14986 | Lair:4   | Received a gift from Okawaru
 15301 | Lair:4   | Reached skill level 20 in Fighting
 15522 | Lair:4   | Reached skill level 10 in Armour
 15865 | Lair:4   | Received a gift from Okawaru
 16269 | Lair:4   | Found an ornate altar of the Wu Jian Council.
 16269 | Lair:4   | Found a hide-covered altar of Uskayaw.
 16641 | Lair:5   | Entered Level 5 of the Lair of Beasts
 17057 | Lair:5   | Reached XP level 14. HP: 12/149 MP: 16/16
 17385 | Lair:5   | Received a gift from Okawaru
 17387 | Lair:5   | Acquired the +6 crystal plate armour of Iwytott {Fly rPois
                  | Str-2}
 17387 | Lair:5   | Received a gift from Okawaru
 17641 | Lair:5   | Identified the +6 trident of Disaster {holy, Str+3 Int+3}
 17791 | Lair:5   | Found a staircase to the Slime Pits.
 17792 | Lair:5   | Found a viscous altar of Jiyva.
 17822 | Lair:5   | Reached skill level 1 in Dodging
 18168 | Lair:5   | Found a glowing golden altar of the Shining One.
 18410 | Lair:5   | Reached skill level 21 in Fighting
 18423 | Lair:5   | Received a gift from Okawaru
 19050 | D:12     | Noticed Josephine
 19060 | D:12     | Killed Josephine
 19067 | D:12     | Reached skill level 5 in Dodging
 19173 | D:12     | Found a staircase to the Orcish Mines.
 19249 | D:12     | Noticed Jorgrun
 19274 | D:12     | Killed Jorgrun
 19275 | D:12     | Received a gift from Okawaru
 19442 | D:12     | Identified the +0 ring mail of the Valley {^Contam MP+9
                  | Slay+6 Stlth+}
 19599 | D:12     | Noticed a sphinx
 19600 | D:12     | Noticed a fire giant
 19608 | D:12     | Killed a sphinx
 19613 | D:12     | Killed a fire giant
 19613 | D:12     | Received a gift from Okawaru
 19616 | D:12     | Reached XP level 15. HP: 44/160 MP: 17/19
 19919 | D:12     | Identified the +5 hand axe of Osoluit {freeze, rF++ Int+2
                  | Stlth+}
 19921 | D:12     | Identified the staff of Olorey {^Fragile rF+ rC+ Dex+3 Fire
                  | Air}
 20079 | D:12     | Paralysed by an ogre mage for 3 turns
 20435 | Orc:1    | Entered Level 1 of the Orcish Mines
 20574 | Orc:1    | Found Konask Zeoha's Antique Armour Boutique.
 20901 | Orc:2    | Entered Level 2 of the Orcish Mines
 20903 | Orc:2    | Noticed Nergalle
 20909 | Orc:2    | Noticed Blork the orc
 21230 | Orc:1    | Reached skill level 22 in Fighting
 22258 | Orc:1    | Killed Nergalle
 22258 | Orc:1    | Received a gift from Okawaru
 22321 | Orc:2    | Killed Blork the orc
 22624 | Orc:2    | Found Wahoiptu's Book Boutique.
 22633 | Orc:2    | Found Atont's Antique Armour Boutique.
 22670 | Orc:2    | Bought an embroidered cloak for 202 gold pieces
 22863 | Orc:2    | Found Foucvac's Antique Weapon Boutique.
 22869 | Orc:2    | Bought a shimmering broad axe for 279 gold pieces
 22869 | Orc:2    | Identified the +2 broad axe "Lolanesi" {elec, +Blink rN+++
                  | Int-5 Dex-4} (You bought it in a shop on level 2 of the
                  | Orcish Mines)
 22913 | Orc:2    | Found a staircase to the Elven Halls.
 22961 | Orc:2    | Found Qounayr's General Store.
 22967 | Orc:2    | Bought a potion of curing for 39 gold pieces
 23788 | Snake:1  | Entered Level 1 of the Snake Pit
 24170 | Snake:1  | Reached skill level 10 in Throwing
 24294 | Snake:1  | Found Toered's General Store.
 24307 | Snake:1  | Bought 2 potions of heal wounds for 160 gold pieces
 24307 | Snake:1  | Bought a potion of curing for 48 gold pieces
 24307 | Snake:1  | Bought a scroll of teleportation for 48 gold pieces
 24524 | Snake:1  | Found Hogucluc's Weapon Boutique.
 24810 | Snake:1  | Identified the +8 dagger of Darkness {antimagic, +Blink}
 24847 | Snake:1  | Found Rawemuuk's Jewellery Emporium.
 24850 | Snake:1  | Bought a ring of protection from fire for 500 gold pieces
 25422 | Snake:1  | Received a gift from Okawaru
 26155 | Snake:2  | Reached XP level 16. HP: 124/170 MP: 15/21
 26157 | Snake:2  | Received a gift from Okawaru
 26299 | Snake:2  | Found Libbires's Book Shoppe.
 26661 | Snake:2  | Found Modoas's Magic Scroll Shoppe.
 26662 | Snake:2  | Found Masepi's Antique Weapon Shop.
 26669 | Snake:2  | Bought a scroll of teleportation for 45 gold pieces
 26669 | Snake:2  | Bought a scroll of teleportation for 45 gold pieces
 26921 | Snake:2  | Found Wenkeana's Antique Armour Boutique.
 26962 | Snake:2  | Reached skill level 10 in Dodging
 27412 | Snake:3  | Reached skill level 23 in Fighting
 28013 | Snake:3  | Found Bochol's Magic Scroll Emporium.
 28022 | Snake:3  | Received a gift from Okawaru
 28023 | Snake:3  | Reached skill level 10 in Invocations
 28094 | Snake:3  | Bought a scroll of teleportation for 42 gold pieces
 28094 | Snake:3  | Bought a scroll of brand weapon for 133 gold pieces
 28094 | Snake:3  | Bought a scroll of teleportation for 42 gold pieces
 28663 | Snake:4  | Entered Level 4 of the Snake Pit
 29460 | Snake:4  | Received a gift from Okawaru
 29968 | Snake:4  | Noticed Donald
 29991 | Snake:4  | HP: 4/174 [poisoned by a nagaraja (splash of poison)]
 29991 | Snake:4  | HP: 1/174 [nagaraja/splash of poison (2)]
 29991 | Snake:4  | Mangled by Donald

Illustrated notes

Levels and vault maps discovered:
D:1:      minmay_arrival_open_corners, layout_basic
D:2:      minmay_spotlight, layout_basic, ebering_ecumenical_altar_sacrificial,
          uniq_robin
D:3:      layout_basic, mainiacjoe_overflow_alcove_2, kennysheep_jessica_study
D:4:      layout_loops_corners, eat_drink_and_be_merry_uskayaw,
          minmay_temple_entry_poolview,
          mainiacjoe_sewer_entry_somewhere_in_here_2, uniq_eustachio
D:5:      layout_cave_pools, grunt_temple_overflow_open,
          mainiacjoe_overflow_24_doors
D:6:      layout_basic, nicolae_overflow_hidden_temple, lemuel_flame_loot_1
D:7:      layout_basic, nicolae_hepliaklqana_hazy_memory,
          minmay_manual_monstrance
D:8:      layout_gridville, overflow_temple_1_default,
          mainiacjoe_overflow_six_doors_small, mainiacjoe_overflow_brackets,
          minmay_radiant
D:9:      layout_long_grid, kennysheep_little_box,
          nicolae_overflow_crystal_walls, uniq_amaemon, uniq_pikel
D:10:     layout_roguey, hellmonk_ghost_happy_afterlife,
          guppyfry_early_elven_hall
D:11:     layout_long_grid, david_lair_generic, chequers_mini_garden
D:12:     minmay_tile_spiral, layout_irregular_city, uniq_josephine,
          uniq_jorgrun
D:13:     layout_roguey, kennysheep_generic_room_14
Temple:   compressed_dpeg_circular_temple
Lair:1:   layout_regular_city, lemuel_fruit_fields, grunt_megastairs_1
Lair:2:   layout_misc_corridors, nicolae_snake_entry_squirm, grunt_megastairs_4,
          lemuel_fruit_tree
Lair:3:   layout_roguey, minmay_shoals_entry_centaurs
Lair:4:   layout_roguey [special_room_mythical_zoo],
          hangedman_lair_unloving_vines, nzn_masters_of_martial_movement
Lair:5:   grunt_lair_end_beastmaster, layout_misc_corridors,
          minmay_slime_entry_oklob_open, basic_altar
Snake:1:  layout_grid_maze, serial_shops, nicolae_shop_bloodbath_and_beyond,
          shop, shop, nicolae_triple_integral
Snake:2:  layout_grid_maze, serial_shops, nicolae_shop_tiny_waterfront,
          nicolae_take_the_stairs, shop, nicolae_shop_crystal
Snake:3:  layout_misc_corridors, serial_shops, shop, serial_bayou_shore_b
Snake:4:  grunt_snake_rune_spirals, layout_onion, nicolae_snake_naga_rites,
          uniq_donald
Orc:1:    layout_caves, serial_shops, nicolae_shop_pleasant_corner_grove,
          nicolae_orc_pool_cavern
Orc:2:    grunt_orc_cross, layout_caves

Skill      XL: |  1  2  3  4  5  6  7  8  9 10 11 12 13 14 15 16 |
---------------+-------------------------------------------------+-----
Fighting       | 4 5 6 7 8 11 15 17 18 19 20 21 22 23 | 23.8
Axes           | 3 4 5 6 8 10 12 13 15 16 17 18 | 18.0
Armour         | 4 7 10 12 | 12.0
Shields        | 4 |  4.0
Throwing       | 2 5 6 8 11 14 | 14.0
Invocations    | 4 5 7 9 10 | 10.0
Dodging        | 7 9 10 | 10.0

Action                     |  1- 3 |  4- 6 |  7- 9 | 10-12 | 13-15 | 16-18 || total
---------------------------+-------+-------+-------+-------+-------+-------++-------
  Melee: War axe           |    68 |   149 |   156 |   338 |    39 |       ||   750
         Headbutt          |     5 |    25 |    58 |    93 |   166 |    50 ||   397
         Whip              |       |    19 |   114 |       |       |       ||   133
         Executioner's axe |       |       |       |    54 |   731 |   211 ||   996
         Punch             |       |       |       |       |     1 |       ||     1
  Throw: Stone             |       |     2 |     8 |     4 |       |       ||    14
         Dart              |       |       |     2 |    34 |    13 |       ||    49
         Boomerang         |       |       |       |     6 |    79 |    37 ||   122
         Javelin           |       |       |       |     4 |    32 |     3 ||    39
 Invoke: Heroism           |       |       |     1 |     2 |     4 |       ||     7
         Finesse           |       |       |       |     1 |     2 |     1 ||     4
         Receive Weapon    |       |       |       |     1 |       |       ||     1
         Receive Armour    |       |       |       |       |     1 |       ||     1
  Evoke: Wand              |       |       |       |     1 |       |       ||     1
    Use: Scroll            |       |     3 |    11 |    14 |     2 |       ||    30
         Potion            |       |       |     2 |     2 |     1 |       ||     5
 Armour: Scale mail        |    48 |    70 |       |       |       |       ||   118
         Plate armour      |       |     8 |   183 |   304 |   278 |       ||   773
         Skin              |       |       |    72 |       |       |       ||    72
         Crystal plate arm |       |       |       |       |   742 |   267 ||  1009
  Dodge: Dodged            |    32 |    53 |    58 |    86 |   279 |    81 ||   589
  Block: Buckler           |     9 |    85 |   114 |   152 |       |       ||   360
         Reflection        |       |     5 |     6 |     4 |    13 |     6 ||    34
         Other             |       |       |       |    11 |   194 |    50 ||   255

Table legend: (Time is in decaauts)
 A = Elapsed time spent in this place.
 B = Non-inter-level travel time spent in this place.
 C = Inter-level travel time spent in this place.
 D = Time resting spent in this place.
 E = Time spent auto-exploring this place.
 F = Levels seen in this place.
 G = Mean time per level.
                   A        B        C        D        E       F      G
               +--------+--------+--------+--------+--------+-----+--------+
         Total |  29941 |  28524 |   1417 |   6733 |  17486 |  26 | 1151.6 |
       Dungeon |  13089 |  12280 |    809 |   1745 |   8554 |  13 | 1006.8 |
        Temple |     18 |      1 |     17 |      0 |      0 |   1 |   18.0 |
          Lair |   7852 |   7577 |    275 |   2401 |   3995 |   5 | 1570.4 |
     Snake Pit |   6189 |   6038 |    151 |   1459 |   3861 |   4 | 1547.2 |
  Orcish Mines |   2564 |   2401 |    163 |   1127 |    942 |   2 | 1282.0 |
         Sewer |    226 |    226 |      0 |      0 |    134 |   1 |  226.0 |
               +--------+--------+--------+--------+--------+-----+--------+

Top non-repeatable levels by time:
  Lair:4: 2278 daAuts
 Snake:1: 2205 daAuts
   Orc:1: 1740 daAuts
  Lair:3: 1578 daAuts
    D:12: 1560 daAuts
  Lair:5: 1491 daAuts
  Lair:2: 1420 daAuts
     D:8: 1417 daAuts
     D:9: 1345 daAuts
 Snake:2: 1340 daAuts
 Snake:3: 1324 daAuts
     D:7: 1318 daAuts
 Snake:4: 1318 daAuts
     D:6: 1165 daAuts
     D:4: 1092 daAuts
